 Dungeon Sprint DCSS version 0.27.1-34-g3ba077fa99 (webtiles) character file.

Game seed: 6118997888235675541

830 Karpo the Imperceptible (level 7, 0/32 HPs)
             Began as a Spriggan Enchanter on Feb 4, 2022.
             Slain by an orange demon (1 damage)
             ... summoned by a kobold demonologist
             ... in the Dungeon (Sprint I: "Red Sonja").
             The game lasted 00:02:02 (342 turns).

Karpo the Imperceptible (Spriggan Enchanter)         Turns: 342, Time: 00:02:03

Health: 0/32       AC:  2    Str:  4    XL:     7   Next: 65%
Magic:  5/12       EV: 17    Int: 18    God:
Gold:   281        SH:  0    Dex: 16    Spells: 2/11 levels left

rFire    . . .     SeeInvis +   a - +1 dagger
rCold    . . .     Faith    .   (shield restricted)
rNeg     . . .     Spirit   .   b - +0 robe
rPois    .         Reflect  .   (helmet restricted)
rElec    .         Harm     .   (no cloak)
rCorr    .         Rampage  .   (gloves unavailable)
Will     +....     NoTele   +   (boots unavailable)
Stlth    ++++++++..             (no amulet)
HPRegen  0.10/turn              (no ring)
MPRegen  0.13/turn              (no ring)

@: lethally poisoned (0 -> -16), confusing by touch, weakened, very quick
A: very small, no large weapons, unfitting armour, see invisible, speed 3
a: no special abilities


You were in the Dungeon.
You visited 1 branch You collected 281 gold pieces.

Inventory:

Hand Weapons
 a - a +1 dagger (weapon)
Armour
 b - a +0 robe (worn)
Wands
 g - a wand of digging (5)
Scrolls
 h - a scroll of blinking
Potions
 c - a potion of curing
 d - a potion of heal wounds
 e - a potion of haste
 f - 2 potions of magic


   Skills:
 - Level 1.1 Short Blades
 - Level 2.6 Dodging
 + Level 22.9 Stealth
 - Level 2.6 Spellcasting
 - Level 3.6 Hexes


You had 2 spell levels left.
You knew the following spells:

 Your Spells              Type           Power      Damage    Failure   Level
a - Corona                Hex            16%        N/A       3%          1
b - Ensorcelled Hibernat  Hex/Ice        16%        N/A       12%         2
c - Confusing Touch       Hex            15%        N/A       12%         3
d - Tukima's Dance        Hex            15%        N/A       12%         3

Your spell library contained the following spells:

 Spells                   Type           Power      Damage    Failure   Level
 Dazzling Flash           Conj/Hex       16%        N/A       24%         3


Dungeon Overview and Level Annotations

Branches:
Dungeon (1/1)

Altars:
Makhleb
Sif Muna
Vehumet
Wu Jian
Xom
Jiyva
Lugonu


Innate Abilities, Weirdness & Mutations

You are very small and have problems with some larger weapons.
You are too small for most types of armour.
You have supernaturally acute eyesight. (SInv)
You cover ground extremely quickly. (Speed+++)


Message History

Casting: Ensorcelled Hibernation (safe; 12% risk of failure)
Confirm with . or Enter, or press ? or * to list all spells.
Aiming: Ensorcelled Hibernation (safe; 12% risk of failure)
Press: ? - help, Shift-Dir - straight line, f/p - kobold demonologist
Aim: a kobold demonologist, wielding a +0 dagger and wearing a +0 robe (chance to affect: 23%)
The kobold demonologist resists with almost no effort.
The kobold demonologist mumbles some strange words.
The orange demon closely misses you. x2
Casting: Ensorcelled Hibernation (safe; 12% risk of failure)
Confirm with . or Enter, or press ? or * to list all spells.
The spell is quite dangerous to cast (12% risk of failure)!
Continue anyway?
Your hands begin to glow red.
The kobold demonologist mumbles some strange words.
The orange demon closely misses you. The orange demon misses you. x2
The orange demon barely misses you.
You hit the kobold demonologist but do no damage.
The kobold demonologist hits you with a +0 dagger.
The orange demon closely misses you. The orange demon barely misses you.
The quasit misses you. The quasit barely misses you.
The quasit closely misses you.
You hit the kobold demonologist but do no damage.
The orange demon completely misses you. The orange demon hits you.
The shadow imp misses you.
The kobold demonologist miscasts a cantrip.
The orange demon stings you.
You are lethally poisoned!
The orange demon poisons you!
The orange demon hits you but does no damage.
The quasit barely misses you. The quasit completely misses you. x2
You barely miss the kobold demonologist.
You feel very sick. The shadow imp hits you.
* * * LOW HITPOINT WARNING * * *
The orange demon barely misses you. The orange demon hits you.
* * * LOW HITPOINT WARNING * * *
The kobold demonologist completely misses you.
The quasit bites you but does no damage.
The quasit closely misses you. The quasit barely misses you.
The orange demon misses you. The orange demon hits you.
You die...

###################
..#.)'..#__#..54.4#
.)'..#..'..'..#5@5#
#'#####'#__####K..+
..# #.#### #####
### ##(# #+#_.+
+..._# #_.#+# ##+#


You could see 2 orange demons, a kobold demonologist, a quasit (summoned), a
white imp (summoned) and a shadow imp (summoned).

Vanquished Creatures
  A kobold demonologist (D)
  A slime creature (D)
  Sigmund (D)
  A floating eye (D)
  An ogre (D)
  A jelly (D)
  Ijyb (D)
7 creatures vanquished.

Notes
Turn   | Place    | Note
-------+----------+-------------------------------------------
     0 | D        | Karpo the Spriggan Enchanter began the quest for the Orb.
     0 | D        | Reached XP level 1. HP: 9/9 MP: 5/5
     2 | D        | Noticed Ijyb
     9 | D        | Killed Ijyb
    10 | D        | Reached skill level 10 in Stealth
    10 | D        | Reached XP level 2. HP: 4/13 MP: 6/6
   255 | D        | Learned a level 2 spell: Ensorcelled Hibernation
   256 | D        | Noticed an ogre
   259 | D        | Killed an ogre
   260 | D        | Reached skill level 14 in Stealth
   260 | D        | Reached XP level 3. HP: 16/16 MP: 8/8
   260 | D        | Reached XP level 4. HP: 21/21 MP: 9/9
   265 | D        | Learned a level 3 spell: Confusing Touch
   265 | D        | Noticed Sigmund
   268 | D        | Killed Sigmund
   269 | D        | Reached skill level 18 in Stealth
   269 | D        | Reached XP level 5. HP: 24/24 MP: 10/10
   269 | D        | Reached XP level 6. HP: 28/28 MP: 11/11
   275 | D        | Learned a level 3 spell: Tukima's Dance
   299 | D        | Found a burning altar of Makhleb.
   299 | D        | Found a viscous altar of Jiyva.
   299 | D        | Found a shimmering altar of Xom.
   299 | D        | Found a corrupted altar of Lugonu.
   299 | D        | Noticed a slime creature
   302 | D        | Killed a slime creature
   303 | D        | Reached skill level 20 in Stealth
   304 | D        | Found an ornate altar of the Wu Jian Council.
   304 | D        | Found a shimmering blue altar of Sif Muna.
   306 | D        | Found a radiant altar of Vehumet.
   330 | D        | Noticed a kobold demonologist
   330 | D        | Noticed a floating eye
   331 | D        | Noticed a kobold demonologist
   333 | D        | Killed a floating eye
   334 | D        | Reached skill level 21 in Stealth
   334 | D        | Reached XP level 7. HP: 32/32 MP: 12/12
   335 | D        | Killed a kobold demonologist
   336 | D        | Reached skill level 22 in Stealth
   336 | D        | Noticed an orange demon
   339 | D        | Noticed an orange demon
   342 | D        | HP: 1/32 [orange demon[a kobold demonologist] (6)]
   342 | D        | Slain by an orange demon

Illustrated notes

Levels and vault maps discovered:
D:        dungeon_sprint_1 [red_sonja_temple_1, red_sonja_temple_small_1]

Skill      XL: |  1  2  3  4  5  6  7 |
---------------+----------------------+-----
Stealth        | 10 14 18 21 22 | 22.9
Short Blades   | |  1.1
Dodging        | |  2.6
Spellcasting   | |  2.6
Hexes          | |  3.6

Action                   |  1- 3 |  4- 6 |  7- 9 || total
-------------------------+-------+-------+-------++-------
Melee: Dagger            |     6 |     4 |     4 ||    14
 Cast: Ensorcelled Hiber |       |       |     2 ||     2
       Confusing Touch   |       |       |     1 ||     1
  Use: Potion            |     1 |       |       ||     1
 Stab: Sleeping          |     2 |     4 |     1 ||     7
Armor: Robe              |       |       |     2 ||     2
Dodge: Dodged            |     2 |       |    23 ||    25
